 Dungeon Crawl Stone Soup version 0.15.2 (webtiles) character file.

2120844 CodaKJazz the Harbinger of Death (level 27, 273/273 HPs)
             Began as a Minotaur Death Knight on June 29, 2023.
             Was a High Priest of Yredelemnul.
             Escaped with the Orb
             ... and 4 runes on June 30, 2023!
             The game lasted 04:45:33 (85783 turns).

CodaKJazz the Harbinger of Death (MiDK)            Turns: 85783, Time: 04:45:34

HP 273/273       AC 32     Str 38      XL: 27
MP  43/43        EV 28     Int 11      God: Yredelemnul [*****.]
Gold 5331        SH 18     Dex 16      Spells:  0 memorised, 26 levels left

rFire  + . .     SeeInvis +     a - +9 demon trident (elec)
rCold  + + .     Clarity  .     r - +8 plate armour of Geonlif {rN+ Slay+3}
rNeg   + + .     rCorr    .     J - +2 shield {AC+3}
rPois  +         rRot     .     q - +2 hat
rElec  .         Spirit   .     p - -4 cloak of Dyspraxia {rPois rN+ Slay+5 Stlth+}
SustAb .         Warding  .     G - +2 pair of gloves {Str+3}
rMut   +         Stasis   .     s - +1 pair of boots "Mijiett" {rF+}
Gourm  .                        j - amulet of resist mutation
MR     +....                    Z - ring "Xonoetze" {rC++ MR+ Int+3 Stlth+}
                                O - ring of see invisible

@: mighty, agile, vulnerable, very slightly contaminated, studying Stealth,
invisible, somewhat resistant to hostile enchantments, extremely unstealthy
A: retaliatory headbutt, horns 2, deformed body
a: Animate Dead, Recall Undead Slaves, Injury Mirror, Drain Life, Enslave Soul,
Renounce Religion
0: Orb of Zot
}: 4/15 runes: decaying, slimy, silver, gossamer


You escaped.
You worshipped Yredelemnul.
Yredelemnul was extremely pleased with you.
You were not hungry.

You visited 11 branches of the dungeon, and saw 64 of its levels.
You visited the Abyss 3 times.
You visited 1 bazaar.
You also visited: Labyrinth, Trove, Ossuary, Ice Cave and Wizlab.

You collected 9827 gold pieces.
You spent 4496 gold pieces at shops.

Inventory:

Hand weapons
 a - a +9 demon trident of electrocution (weapon)
Missiles
 e - 2 throwing nets (quivered)
Armour
 p - the -4 cloak of Dyspraxia (worn) {rPois rN+ Slay+5 Stlth+}
   (You found it on level 5 of the Vaults)

   It affects your accuracy and damage with ranged weapons and melee attacks
   (+5).
   It protects you from poison.
   It protects you from negative energy.
   It makes you more stealthy.
 q - a +2 hat (worn)
 r - the +8 plate armour of Geonlif (worn) {rN+ Slay+3}
   (You found it on level 6 of the Pits of Slime)

   It affects your accuracy and damage with ranged weapons and melee attacks
   (+3).
   It protects you from negative energy.
 s - the +1 pair of boots "Mijiett" (worn) {rF+}
   (You found it on level 3 of the Swamp)

   It protects you from fire.
 G - a +2 pair of gloves of strength (worn)
 J - a +2 shield of protection (worn)
Magical devices
 c - a wand of cold (4)
 f - a wand of digging (5)
 h - a wand of lightning (4)
 l - a wand of cold (4)
 w - a wand of fire (7)
 y - a wand of disintegration (7)
 I - a wand of disintegration (13)
 R - a wand of fire (6)
 S - a wand of draining (7)
 U - a wand of heal wounds (0)
Comestibles
 V - 15 bread rations
Scrolls
 i - 2 scrolls of enchant weapon
 o - 21 scrolls of remove curse
 x - 6 scrolls of teleportation
 E - 2 scrolls of magic mapping
 H - a scroll of blinking
 K - 3 scrolls of identify
 N - a scroll of fear
Jewellery
 d - an uncursed amulet of stasis
 g - an uncursed amulet of resist corrosion
 j - an amulet of resist mutation (around neck)
 k - a +5 ring of evasion
 v - an uncursed ring of protection from magic
 L - an uncursed ring of positive energy
 O - a ring of see invisible (left hand)
 Q - an uncursed amulet of warding
 Z - the ring "Xonoetze" (right hand) {rC++ MR+ Int+3 Stlth+}
   (You found it on level 5 of the Vaults)

   [ring of stealth]

   It affects your intelligence (+3).
   It greatly protects you from cold.
   It affects your resistance to hostile enchantments.
   It makes you more stealthy.
Potions
 m - 2 potions of invisibility
 n - 2 potions of heal wounds
 t - 9 potions of curing
 A - 4 potions of cure mutation
 D - 8 potions of magic
 F - a potion of cancellation
 M - 11 potions of restore abilities
 P - 3 potions of might
 T - a potion of agility
 Y - 4 potions of resistance
Books
 C - a manual of Stealth
Rods
 b - a +3 lightning rod (13/13)
   (You took it off a purple draconian on level 5 of the Depths)


   Skills:
 O Level 27 Fighting
 - Level 16.7 Polearms
 + Level 20.8 Armour
 + Level 22.3 Dodging
 - Level 15.8 Shields
 O Level 27 Invocations


You had 26 spell levels left.
You didn't know any spells.

Dungeon Overview and Level Annotations

Branches:
Dungeon (15/15)            Temple (0/1) D:4             Orc (4/4) D:9
    Elf (3/3) Orc:3          Lair (8/8) D:8           Swamp (5/5) Lair:6
 Spider (5/5) Lair:3        Slime (6/6) Lair:7       Vaults (5/5) D:13
  Crypt (3/3) Vaults:2     Depths (5/5) D:15            Zot (5/5) Depths:5
   Tomb: Crypt:3

Altars:
Ashenzari
Dithmenos
Fedhas
Kikubaaqudgha
Nemelex Xobeh
Qazlal
Sif Muna
Trog
Vehumet
Xom
Yredelemnul
Beogh
Jiyva

Shops:
D:4 *   D:9 %   D:11 *   D:14 %   Orc:4 *([(   Elf:1 }   Elf:2 !   Vaults:4 :
Vaults:5 :   Depths:3 *

Portals:
Hell: Depths:1 Depths:3 Depths:4 Depths:5
Abyss: Depths:4
Pandemonium: Depths:3 Depths:5
Ziggurat: Depths:3

Annotations:
Lair:5 exclusion: downstairs
Depths:3 3 exclusions


Innate Abilities, Weirdness & Mutations

You reflexively headbutt those who attack you in melee.
You have a pair of horns on your head.
Armour fits poorly on your strangely shaped body.


Message History

There is a large open door here.
There is a large open door here.
There is a large open door here.
There is a staircase leading out of the dungeon here.
Use which ability? (? or * to list)
You begin recalling your allies.
You feel slightly more hungry.
Your spectral monstrous demonspawn is recalled.
You finish recalling your allies.
Read which item? (? for menu, Esc to quit)
As you read the scroll of vulnerability, it crumbles to dust.
Magic quickly surges around you.
Drink which item? (? for menu, Esc to quit)
You feel very mighty all of a sudden.
Drink which item? (? for menu, Esc to quit)
You feel agile all of a sudden.
Drink which item? (? for menu, Esc to quit)
You fade into invisibility!
You are very lightly contaminated with residual magic.
Magic restored.
You have escaped!

...# #.................#.....
...#######...#######.........#...
............................##...
...########.#######..........##.#
....#####...# ####.#.....####
......##..### ######......##
...##)..>## #....##......###
###.......# ###.≈≈.####.#....#
....#####.######@'.≈≈.'.'..##....
...............#Z'.≈≈.'.'..##..##
.########..#######.≈§.####.###..#
## ##.## ###....# #.# #... # #..#
#.###### #.# #.## ##)# #..###
#.###.## #.####....# #.......
#%.#......# #####.##
#####...###.## #.##


You could see a friendly spectral monstrous demonspawn.

Vanquished Creatures
  the royal jelly (Slime:6)
  4 orbs of fire (Zot:5)
  4 ancient liches
  Sojobo (Depths:5)
  A Killer Klown (Zot:5)
  2 bone dragons
  12 golden dragons
  2 profane servitors (Abyss:1)
  3 electric golems (Zot:5)
  A hellephant (Zot:2)
  4 liches
  22 Orb Guardians
  16 tentacled monstrosities
  3 titans (Vaults:5)
  2 deep elf master archers (Elf:3)
  2 quicksilver dragons (Depths:4)
  15 acid blobs
  2 octopode crushers (Depths:5)
  9 tentacled starspawn (Abyss:1)
  5 storm dragons
  6 thorn hunters
  5 tengu reavers
  4 sphinxes
  Frances (Swamp:3)
  6 shadow dragons
  3 ancient champions
  13 azure jellies
  6 draconian monks
  5 fire giants
  8 frost giants
  4 draconian scorchers
  A deep elf sorcerer (Elf:3)
  Wiglaf (Swamp:4)
  10 vault wardens
  2 iron dragons
  5 ghost moths
  A cacodemon (Abyss:1)
  A draconian zealot (Zot:2)
  7 emperor scorpions
  2 balrugs
  2 draconian knights
  2 draconian annihilators (Zot:1)
  12 ghouls
  A vampire knight (D:15)
  20 stone giants
  A draconian shifter (Zot:1)
  17 very ugly things
  5 deep elf demonologists
  4 reapers
  A stone giant (shapeshifter) (Vaults:5)
  4 grey draconians
  A war gargoyle (Vaults:5)
  6 green draconians
  6 red draconians
  8 pale draconians
  8 purple draconians
  3 dire elephants
  4 deep elf annihilators
  6 mottled draconians
  7 black draconians
  6 white draconians
  3 yellow draconians
  2 unborn (Crypt:3)
  3 blizzard demons (Abyss:1)
  4 minotaurs
  3 green deaths (Abyss:1)
  A crystal guardian (D:12)
  5 deep elf death magi
  A merfolk javelineer (Depths:1)
  26 vault guards
  8 eidola
  9 ettins
  A jiangshi (Crypt:2)
  9 death oozes
  5 ironheart preservers
  Josephine (Swamp:1)
  9 fire dragons
  6 deep elf high priests
  13 hydras
  7 great orbs of eyes
  11 death cobs
  10 centaur warriors
  3 ghost crabs
  13 ice dragons
  10 yaktaur captains
  A naga warrior (Depths:2)
  9 rakshasas
  2 monstrous demonspawn
  A shambling mangrove (Swamp:4)
  3 ravenous item mimics
  5 spriggan air magi
  Erica (D:13)
  The ghost of Ge0ff the Slinger, a powerful HaGl of Okawaru (Lab)
  2 dancing weapons (Vaults:5)
  5 alligators
  9 ogre magi
  4 deep troll earth magi
  2 satyrs (WizLab)
  9 deep troll shamans
  4 death knights
  A vampire mage (Crypt:2)
  5 spriggans
  12 death yaks
  An orc high priest (Elf:1)
  A titan zombie (Crypt:2)
  8 thrashing horrors (Abyss:1)
  3 spriggan berserkers
  2 soul eaters
  4 hell hogs (Abyss:1)
  2 storm dragon zombies (Crypt:2)
  A shock serpent (Depths:2)
  2 shadow wraiths
  A sun demon (Depths:3)
  A fire crab (Depths:2)
  Nergalle (Lair:5)
  A salamander mystic (Depths:4)
  A catoblepas (Depths:2)
  10 wretched stars (Abyss:1)
  An ice devil (Depths:2)
  An iron troll (Depths:1)
  3 death drakes (Depths:5)
  A storm dragon skeleton (Crypt:2)
  11 hell knights
  13 deep elf knights
  A giant orange brain (shapeshifter) (Vaults:5)
  2 spriggan druids
  A gelid demonspawn (Depths:3)
  3 orb spiders
  3 spatial maelstroms (Abyss:1)
  13 skeletal warriors
  An infernal demonspawn (Depths:5)
  19 deep trolls
  A ghost moth zombie (Crypt:2)
  5 flayed ghosts
  7 deep elf summoners
  23 large abominations (Abyss:1)
  9 ironbrand convokers
  An anaconda zombie (Crypt:2)
  7 orc knights
  5 swamp dragons
  A lindwurm (shapeshifter) (Elf:1)
  3 lindwurms
  A golden dragon skeleton (Crypt:2)
  11 hill giants
  15 deep elf conjurers
  7 giant orange brains
  5 oklob plants (Lair:7)
  16 phantasmal warriors
  6 necromancers
  3 fauns (WizLab)
  3 griffons
  8 sixfirhies
  A shadow dragon skeleton (Crypt:2)
  2 cyclopes (D:15)
  2 frost giant zombies
  A salamander (Depths:4)
  4 manticores
  6 red wasps
  2 orc sorcerers
  A stone giant zombie (Crypt:2)
  16 wolf spiders
  6 elephants
  25 ugly things
  7 worldbinders (Abyss:1)
  21 moths of wrath
  A centaur zombie (D:10)
  7 smoke demons (Abyss:1)
  A mana viper (shapeshifter) (Vaults:4)
  3 black mambas
  2 iron dragon skeletons (Crypt:2)
  A mermaid (shapeshifter) (Elf:3)
  A stone giant skeleton (Crypt:2)
  2 apocalypse crabs (Abyss:1)
  2 eyes of devastation
  4 orange demons
  An iron devil (Abyss:1)
  2 torpor snails
  16 spiny frogs
  2 dire elephant zombies
  An octopode (shapeshifter) (Vaults:5)
  5 vault sentinels
  4 spectral swamp worms (Depths:4)
  A pale draconian zombie (Zot:5)
  16 yaktaurs
  4 efreet (Abyss:1)
  A green draconian zombie (Zot:5)
  An alligator snapping turtle skeleton (Crypt:1)
  An elf (shapeshifter) (Vaults:4)
  5 komodo dragons
  11 freezing wraiths
  5 demonic crawlers
  3 fire drakes (D:14)
  A white draconian skeleton (Crypt:1)
  2 silent spectres
  4 wandering mushrooms (Lab)
  5 blue devils
  14 deep elf priests
  3 red devils
  A spectral harpy (Crypt:1)
  2 wind drakes (shapeshifter)
  12 two-headed ogres
  6 ancient zymes (Abyss:1)
  2 jumping spiders (shapeshifter) (Depths:3)
  68 slime creatures
  6 ravens
  4 wind drakes
  10 jumping spiders
  2 giant leeches
  A polar bear (Lair:8)
  2 trolls
  A minotaur skeleton (Crypt:2)
  A deep troll zombie (Depths:1)
  14 raiju (Abyss:1)
  23 blink frogs
  A moth of wrath zombie (Zot:5)
  A trapdoor spider zombie (D:13)
  2 boulder beetles
  12 trapdoor spiders
  A red wasp zombie (Swamp:1)
  5 bog bodies
  A baby alligator (shapeshifter) (Abyss:1)
  A raiju (shapeshifter) (Elf:1)
  23 deep elf magi
  A fire giant simulacrum (Crypt:2)
  12 flying skulls
  10 tarantellas
  7 ynoxinuls (Abyss:1)
  8 basilisks
  An ice dragon skeleton (Crypt:2)
  A spriggan (shapeshifter) (Vaults:5)
  9 shadows
  27 redbacks
  3 humans (D:13)
  An ettin skeleton (Abyss:1)
  A human (shapeshifter) (Vaults:5)
  9 wyverns
  5 air elementals
  4 wraiths
  A vampire (Abyss:1)
  A giant leech zombie (Swamp:1)
  7 neqoxecs
  10 water elementals
  28 deep elf fighters
  Eustachio (D:7)
  3 fire bats (Abyss:1)
  4 golden eyes
  5 spatial vortices (Abyss:1)
  33 yaks
  A tengu zombie (D:12)
  9 hippogriffs
  7 chaos spawn (Abyss:1)
  5 wargs
  A mottled dragon (D:13)
  2 human zombies
  8 porcupines
  A raven zombie (Swamp:1)
  A soldier ant (shapeshifter) (Vaults:3)
  18 swamp worms
  23 vampire mosquitoes
  A catoblepas simulacrum (Abyss:1)
  19 small abominations
  9 raven skeletons (Crypt:3)
  An infernal demonspawn skeleton (Crypt:2)
  15 wolves
  A soldier ant (D:15)
  28 orc warriors
  4 hell hounds
  A spiny frog zombie (Swamp:1)
  16 water moccasins
  A water moccasin (shapeshifter) (Depths:4)
  A merfolk skeleton (Crypt:2)
  20 swamp drakes
  2 black bears
  A swamp dragon zombie (Swamp:1)
  15 spiders
  6 yellow wasps
  3 boggarts
  46 starcursed masses (Abyss:1)
  4 phantoms
  3 sky beasts
  25 centaurs
  13 crocodiles
  20 ice beasts
  30 ogres
  13 necrophages
  A snapping turtle skeleton (Crypt:2)
  A lindwurm skeleton (Crypt:1)
  Duvessa (D:7)
  2 big kobolds
  28 giant frogs
  2 lost souls (Vaults:5)
  2 earth elementals
  20 insubstantial wisps
  2 water moccasin zombies (Ossuary)
  A manticore simulacrum (Abyss:1)
  A troll zombie (D:11)
  A snapping turtle simulacrum (Crypt:2)
  10 wights
  4 killer bees (D:14)
  A spriggan zombie (Crypt:2)
  An elf zombie (D:14)
  7 scorpions
  A swamp dragon simulacrum (Crypt:2)
  7 electric eels
  9 eyes of draining
  4 goliath beetles
  Dowan (D:7)
  6 crimson imps
  22 orc priests
  17 hounds
  13 jellies
  24 orc wizards
  6 quasits
  2 elf skeletons
  5 iron imps (Abyss:1)
  6 iguanas
  2 spectral orcs
  10 worker ants
  5 orange rats
  14 sheep
  2 ogre zombies
  A sky beast zombie (D:6)
  5 big kobold zombies (Ossuary)
  A crocodile zombie (D:11)
  2 mummies (Ossuary)
  6 gnolls
  58 green rats
  4 orc skeletons (Orc:4)
  2 shadow imps
  18 adders
  An inept item mimic (D:5)
  3 giant mites
  6 white imps (Abyss:1)
  16 ufetubi (Abyss:1)
  2 worms
  3 orc zombies
  5 adder zombies (Ossuary)
  A spectral green rat (Crypt:1)
  A giant eyeball (Zot:2)
  5 oozes
  159 orcs
  6 giant cockroaches
  12 goblins
  14 hobgoblins
  24 kobolds
  9 quokkas
  15 bats
  5 giant geckos
  A giant mite zombie (D:8)
  6 giant newts
  4 gnoll zombies (Ossuary)
  A green rat skeleton (Crypt:2)
  6 hobgoblin zombies (Ossuary)
  19 jackals
  2 jackal zombies (D:8)
  2 kobold zombies (Ossuary)
  A lurking horror (Abyss:1)
  17 rats
  2 crawling corpses (Elf:3)
  A plant (Lair:6)
  8 starspawn tentacles (Abyss:1)
  12 toadstools (WizLab)
2515 creatures vanquished.

Vanquished Creatures (collateral kills)
  An ancient lich (Zot:5)
  Saint Roka (Orc:4)
  the Lernaean hydra (Swamp:5)
  4 Killer Klowns
  4 electric golems
  A golden dragon (Vaults:5)
  Jory (Vaults:4)
  5 tentacled monstrosities
  The ghost of CodaKJazz the Black Belt, a mighty DsDK of Yredelemnul (Depths:1)
  2 quicksilver dragons
  A deep elf blademaster (Elf:2)
  2 Orb Guardians (Zot:5)
  A titan (Vaults:5)
  5 storm dragons
  A lich (Vaults:5)
  A sphinx (Vaults:1)
  3 acid blobs
  A shadow dragon (Vaults:4)
  2 tengu reavers
  An azure jelly (Slime:6)
  3 ghost moths
  2 draconian monks
  A frost giant (Vaults:5)
  Donald (Vaults:4)
  A revenant (Crypt:3)
  2 deep elf sorcerers (Elf:3)
  A draconian knight (Zot:2)
  2 cacodemons
  6 fire giants
  2 emperor scorpions (Spider:5)
  A draconian zealot (Zot:2)
  6 vault wardens
  2 ghouls
  A reaper (Crypt:2)
  8 deep elf demonologists (Elf:3)
  3 draconian shifters
  5 draconian annihilators
  5 very ugly things
  A war gargoyle (Vaults:3)
  6 green draconians
  2 grey draconians
  A draconian caller (Zot:2)
  6 deep elf annihilators
  6 stone giants
  3 yellow draconians
  4 pale draconians
  A black draconian (Zot:2)
  A mottled draconian (Zot:2)
  2 white draconians
  4 red draconians
  2 purple draconians
  7 vault guards
  2 eidola (Crypt:2)
  4 ettins
  4 deep elf death magi
  2 death oozes
  A crystal guardian (D:12)
  2 great orbs of eyes
  A quicksilver dragon zombie (Crypt:1)
  A minotaur (Depths:1)
  9 ogre magi
  4 fire dragons
  5 ice dragons
  A deep elf high priest (Elf:2)
  13 hydras
  6 ironheart preservers
  7 yaktaur captains
  3 death cobs
  3 centaur warriors
  5 death yaks
  A ghost crab (Crypt:1)
  3 alligators
  A deep troll shaman (Vaults:4)
  2 tengu warriors (D:14)
  2 orc high priests (Orc:4)
  8 hell knights
  A catoblepas (D:13)
  2 skeletal warriors (Crypt:2)
  2 deep elf knights (Vaults:2)
  2 shadow wraiths
  2 spriggan druids
  2 unseen horrors (Vaults:1)
  5 swamp dragons
  A red wasp (shapeshifter) (Vaults:3)
  A death drake (Depths:5)
  18 orb spiders
  A lindwurm (Lair:7)
  6 orc knights
  2 deep trolls
  A flayed ghost (Vaults:3)
  3 ice statues (IceCv)
  A deep elf summoner (Elf:1)
  5 ironbrand convokers
  2 hill giants
  5 necromancers
  19 wolf spiders
  2 wizards (D:13)
  An orc sorcerer (Orc:4)
  A fire giant zombie (Crypt:1)
  2 manticores (D:14)
  5 deep elf conjurers
  An oklob plant (Lair:6)
  2 shining eyes (Slime:5)
  2 cyclopes (Vaults:2)
  7 red wasps
  A stone giant zombie (Crypt:2)
  13 ugly things
  10 moths of wrath
  6 elephants
  3 phantasmal warriors
  2 sixfirhies
  A mermaid (shapeshifter) (Vaults:4)
  Joseph (D:7)
  A salamander (Depths:4)
  2 black mambas
  9 vault sentinels
  A torpor snail (Spider:4)
  An orange crystal statue (D:12)
  11 spiny frogs
  Psyche (Orc:3)
  An efreet (D:10)
  A pale draconian zombie (Depths:5)
  A spectral swamp worm (Depths:4)
  2 fire drakes
  A red draconian zombie (Depths:5)
  2 kobold demonologists
  6 yaktaurs
  A queen bee (shapeshifter) (Vaults:3)
  4 komodo dragons
  3 deep elf priests (Elf:3)
  2 iron devils
  8 demonic crawlers
  A blue devil (Depths:3)
  A hellwing (Abyss:1)
  A pale draconian skeleton (Crypt:1)
  2 trolls
  A silent spectre (Crypt:2)
  15 two-headed ogres
  A wind drake (Depths:5)
  20 jumping spiders
  A moth of wrath zombie (Zot:5)
  3 giant leeches
  A hydra zombie (D:13)
  A troll (shapeshifter) (Vaults:1)
  A hydra skeleton (Crypt:1)
  2 bog bodies (Swamp:2)
  5 boulder beetles
  4 ravens
  7 freezing wraiths
  4 deep elf magi
  A basilisk (Lair:4)
  7 blink frogs
  23 redbacks
  A shadow (Swamp:2)
  A water elemental (Depths:5)
  47 slime creatures
  A spriggan (Swamp:4)
  A wyvern (Lair:5)
  5 wolves (Lair:4)
  3 vampires (Crypt:1)
  A satyr skeleton (Crypt:1)
  17 trapdoor spiders
  2 wraiths
  15 humans (D:13)
  16 tarantellas
  4 wargs
  14 yaks
  A hungry ghost (D:5)
  22 vampire mosquitoes
  3 hippogriffs
  A neqoxec (Elf:3)
  8 swamp worms
  A golden eye (Slime:5)
  A torturous demonspawn zombie (Crypt:2)
  4 human zombies
  5 deep elf fighters
  A deep troll zombie (Depths:1)
  9 water moccasins
  2 soldier ants
  8 swamp drakes
  2 small abominations (Abyss:1)
  A mottled dragon (Vaults:1)
  18 spiders
  A manticore zombie (D:15)
  12 ice beasts
  5 porcupines
  28 ogres
  13 centaurs
  6 boggarts
  24 orc warriors
  2 necrophages (Crypt:3)
  4 big kobolds (D:15)
  4 crocodiles
  A centaur (shapeshifter) (Vaults:2)
  3 yellow wasps
  7 insubstantial wisps
  An earth elemental (WizLab)
  A brain worm (D:13)
  10 giant frogs
  A glowing shapeshifter simulacrum (Vaults:3)
  An orc simulacrum (Vaults:2)
  A killer bee (D:12)
  A wight (D:10)
  7 electric eels
  A human simulacrum (Vaults:3)
  An eye of draining (D:11)
  4 crimson imps
  A giant frog skeleton (D:13)
  2 hounds
  2 jellies
  12 orc priests
  2 worker ants
  9 orc wizards
  4 sheep
  A tengu skeleton (Crypt:2)
  28 green rats
  3 gnolls (Orc:3)
  A steam dragon skeleton (Crypt:1)
  4 adders
  A worm (D:4)
  A giant gecko (D:8)
  An ooze (D:10)
  72 orcs
  3 hobgoblins
  3 goblins
  A hobgoblin zombie (D:5)
  A kobold (D:15)
  3 orc skeletons
  7 orc zombies (Orc:4)
  A quokka (Lair:2)
  A rat (D:8)
  2 spectral orcs (Lair:5)
  5 fungi
  6 plants
1059 creatures vanquished.

Vanquished Creatures (others)
  3 profane servitors
  5 bone dragons
  A fire giant (Depths:2)
  A vault warden (Vaults:5)
  10 ghouls
  A green draconian (Zot:5)
  11 death cobs
  An ironheart preserver (Vaults:5)
  A spectral elf (Elf:3)
  An ogre mage (Vaults:1)
  A spectral draconian (Zot:2)
  A spectral red draconian (Zot:5)
  2 titan zombies (Vaults:5)
  9 skeletal warriors
  3 storm dragon zombies
  9 flayed ghosts
  2 golden dragon zombies
  2 spectral ettins
  An ironbrand convoker (Vaults:5)
  2 wolf spider zombies
  13 phantasmal warriors
  A spectral hill giant (D:13)
  4 draconian zombies
  2 stone giant zombies
  A frost giant zombie (Vaults:5)
  A fire giant zombie (Vaults:5)
  A worldbinder (Abyss:1)
  A dire elephant zombie (Depths:4)
  5 centaur zombies
  A draconian skeleton (Zot:2)
  2 black draconian zombies
  An emperor scorpion zombie (Depths:4)
  A white draconian zombie (Zot:2)
  2 mottled draconian zombies
  9 yaktaur zombies
  4 purple draconian zombies
  A redback zombie (Spider:1)
  2 pale draconian zombies
  A red draconian zombie (Zot:2)
  6 death yak zombies
  A swamp worm zombie (Swamp:1)
  3 hydra zombies (Swamp:5)
  A minotaur zombie (Depths:1)
  A jumping spider (Spider:4)
  2 moth of wrath zombies (Zot:2)
  2 catoblepas zombies
  A trapdoor spider zombie (Spider:2)
  4 fire dragon zombies
  3 jumping spider zombies
  3 ice dragon zombies
  A tarantella zombie (Spider:3)
  A griffon zombie (Lair:6)
  3 ettin zombies (Vaults:5)
  9 vampires
  A redback (Spider:5)
  An air elemental (Depths:5)
  4 flying skulls (Lair:7)
  A black mamba zombie (Lair:7)
  4 wraiths
  A warg (Vaults:2)
  A spectral troll (Elf:3)
  A raven zombie (Swamp:5)
  9 deep troll zombies
  A naga zombie (Depths:2)
  3 spiny frog zombies
  A small abomination (Abyss:1)
  2 elephant zombies
  5 blink frog zombies
  A lindwurm zombie (Depths:2)
  A manticore zombie (Depths:2)
  2 swamp dragon zombies (Swamp:5)
  5 vampire mosquito zombies
  An apocalypse crab zombie (Abyss:1)
  A komodo dragon zombie (Lair:6)
  7 lost souls
  A wyvern zombie (D:8)
  2 spider zombies (Spider:5)
  7 water moccasin zombies
  A raiju zombie (Abyss:1)
  3 yak zombies
  A wight (Lair:5)
  6 wolf zombies
  5 giant frog zombies
  A yellow wasp zombie (Depths:5)
  28 human zombies
  15 elf zombies
  7 two-headed ogre zombies
  A spectral orc (Orc:3)
  3 porcupine zombies
  A killer bee zombie (D:14)
  2 crocodile zombies
  4 ogre zombies
  3 hound zombies
  3 mummies
  2 worker ant zombies (D:5)
  9 swamp drake zombies
  3 scorpion zombies
  2 electric eel zombies (Lair:8)
  An iguana zombie (Lair:6)
  35 orc zombies
  3 sheep zombies (Lair:3)
  4 adder zombies
  A bat zombie (D:5)
  A gnoll zombie (D:7)
  2 goblin zombies (Orc:1)
  23 green rat zombies
  A jackal zombie (D:5)
  5 fungi
  6 plants
  16 starspawn tentacles (Abyss:1)
  111 starspawn tentacle segments (Abyss:1)
  A toadstool (WizLab)
534 creatures vanquished.

Grand Total: 4108 creatures vanquished

Notes
Turn   | Place    | Note
--------------------------------------------------------------
     0 | D:1      | CodaKJazz, the Minotaur Death Knight, began the quest for the Orb.
     0 | D:1      | Reached XP level 1. HP: 18/18 MP: 1/1
   164 | D:1      | Reached skill level 3 in Polearms
   167 | D:1      | Reached XP level 2. HP: 19/25 MP: 1/1
   526 | D:2      | Acquired Yredelemnul's second power
   570 | D:2      | Found a stormy altar of Qazlal.
   724 | D:2      | Reached XP level 3. HP: 27/30 MP: 4/4
   861 | D:2      | Found a blossoming altar of Fedhas.
  1324 | D:3      | Reached skill level 4 in Polearms
  1662 | D:1      | Reached XP level 4. HP: 34/38 MP: 4/4
  2421 | D:4      | Found Pruac's Assorted Antiques.
  2428 | D:4      | Bought a shiny buckler for 112 gold pieces
  2434 | D:4      | Bought a scroll labeled BLONOTUIZAT for 25 gold pieces
  2532 | D:4      | Reached skill level 5 in Polearms
  2532 | D:4      | Reached skill level 1 in Shields
  2532 | D:4      | Reached XP level 5. HP: 23/46 MP: 5/5
  2724 | D:4      | Acquired Yredelemnul's third power
  2843 | D:4      | Noticed a giant frog
  2852 | D:4      | Killed a giant frog
  2852 | D:4      | Reached XP level 6. HP: 38/52 MP: 6/6
  2994 | D:4      | Found a staircase to the Ecumenical Temple.
  3075 | D:4      | Found a radiant altar of Vehumet.
  3234 | D:4      | Found a shattered altar of Ashenzari.
  3316 | D:5      | Entered Level 5 of the Dungeon
  3330 | D:5      | Reached skill level 6 in Polearms
  3356 | D:5      | Received a gift from Yredelemnul
  3522 | D:5      | Reached XP level 7. HP: 55/60 MP: 7/7
  3538 | D:5      | Found a sparkling altar of Nemelex Xobeh.
  3627 | D:5      | Noticed a hungry ghost
  3668 | D:5      | Killed a hungry ghost
  3700 | D:5      | Reached skill level 7 in Polearms
  3812 | D:5      | Reached skill level 5 in Fighting
  4772 | D:5      | Reached XP level 8. HP: 60/70 MP: 7/7
  4869 | D:6      | Acquired Yredelemnul's fourth power
  4888 | D:6      | Reached skill level 5 in Dodging
  5233 | D:7      | Reached skill level 8 in Polearms
  5486 | D:7      | Noticed Joseph
  5605 | D:7      | Killed Joseph
  5605 | D:7      | Reached XP level 9. HP: 56/79 MP: 9/9
  5674 | D:7      | Noticed Eustachio
  5688 | D:7      | Killed Eustachio
  5688 | D:7      | Reached skill level 9 in Polearms
  5781 | D:7      | Noticed Dowan
  5782 | D:7      | Noticed Duvessa
  5797 | D:7      | Killed Duvessa
  5810 | D:7      | Killed Dowan
  6019 | D:7      | Found an ancient bone altar of Kikubaaqudgha.
  6020 | D:7      | Found a deep blue altar of Sif Muna.
  6253 | D:8      | Found a shadowy altar of Dithmenos.
  6310 | D:8      | Received a gift from Yredelemnul
  6320 | D:8      | Noticed a spiny frog
  6344 | D:8      | Killed a spiny frog
  6344 | D:8      | Reached skill level 5 in Armour
  6404 | D:8      | Found a staircase to the Lair.
  6445 | D:8      | Reached skill level 10 in Polearms
  6615 | D:8      | Found a sand-covered staircase.
  6625 | Ossuary  | Entered an ossuary
  7416 | D:8      | Found a blossoming altar of Fedhas.
  7416 | D:8      | Found a bloodstained altar of Trog.
  7502 | D:8      | Reached XP level 10. HP: 84/91 MP: 9/9
  7725 | D:9      | Acquired Yredelemnul's fifth power
  7807 | D:9      | Found a staircase to the Orcish Mines.
  8233 | D:9      | Reached skill level 10 in Fighting
  8692 | D:9      | Reached skill level 11 in Polearms
  8903 | D:9      | Found Hifriyno's Food Emporium.
  9227 | Lair:1   | Entered Level 1 of the Lair of Beasts
  9675 | Lair:1   | Reached skill level 5 in Invocations
  9876 | Lair:2   | Reached XP level 11. HP: 77/101 MP: 13/13
  9890 | Lair:2   | Received a gift from Yredelemnul
 10112 | Lair:2   | Noticed a black mamba
 10126 | Lair:2   | Killed a black mamba
 10699 | Lair:3   | Received a gift from Yredelemnul
 10724 | Lair:3   | Reached skill level 12 in Polearms
 10864 | Lair:3   | Noticed an orb spider
 11051 | Lair:3   | Killed an orb spider
 11330 | Lair:3   | Received a gift from Yredelemnul
 11334 | Lair:3   | Noticed a seven-headed hydra
 11353 | Lair:3   | Killed a seven-headed hydra
 11353 | Lair:3   | Reached skill level 10 in Dodging
 11921 | Lair:3   | Found a hole to the Spider Nest.
 12079 | Lair:3   | Received a gift from Yredelemnul
 13234 | Lair:4   | Received a gift from Yredelemnul
 13731 | Lair:5   | Reached XP level 12. HP: 105/112 MP: 19/19
 13997 | Lair:5   | Reached skill level 13 in Polearms
 15113 | Lair:6   | Noticed Nergalle
 15205 | Lair:5   | Killed Nergalle
 16792 | Lair:6   | Noticed a five-headed hydra
 16806 | Lair:6   | Killed a five-headed hydra
 17321 | Lair:6   | Received a gift from Yredelemnul
 17503 | Lair:7   | Reached XP level 13. HP: 89/122 MP: 9/21
 17523 | Lair:7   | HP: 6/122 [death yak (20)]
 17524 | Lair:7   | HP: 2/122 [death yak (12)]
 18041 | Lair:7   | Reached skill level 14 in Polearms
 18769 | Lair:7   | Received a gift from Yredelemnul
 19273 | Lair:8   | Entered Level 8 of the Lair of Beasts
 19615 | Orc:1    | Entered Level 1 of the Orcish Mines
 19636 | Orc:1    | Received a gift from Yredelemnul
 19890 | Orc:1    | Found a shimmering altar of Xom.
 20360 | Orc:2    | Received a gift from Yredelemnul
 20577 | Orc:3    | Noticed Psyche
 20635 | Orc:3    | Killed Psyche
 20641 | Orc:3    | Received a gift from Yredelemnul
 20759 | Orc:3    | Found a staircase to the Elven Halls.
 20796 | Orc:3    | Received a gift from Yredelemnul
 21172 | Orc:4    | Entered Level 4 of the Orcish Mines
 21205 | Orc:4    | Received a gift from Yredelemnul
 21375 | Orc:4    | Found a roughly hewn altar of Beogh.
 21465 | Orc:4    | Received a gift from Yredelemnul
 21474 | Orc:4    | Noticed Saint Roka
 21508 | Orc:4    | Killed Saint Roka
 21508 | Orc:4    | Reached skill level 10 in Invocations
 22055 | D:10     | Entered Level 10 of the Dungeon
 22238 | D:10     | Received a gift from Yredelemnul
 22254 | D:10     | Found a portal to a secret trove of treasure.
 22608 | D:4      | Bought a scroll of fear for 87 gold pieces
 22608 | D:4      | Bought a curved brass wand for 100 gold pieces
 22608 | D:4      | Bought a scroll of identify for 50 gold pieces
 22611 | D:4      | Bought a runed scale mail for 100 gold pieces
 23118 | D:10     | Received a gift from Yredelemnul
 23434 | D:11     | Found a labyrinth entrance.
 23454 | Lab      | Entered a labyrinth
 24048 | Lab      | Noticed Ge0ff's ghost (powerful HaGl)
 24097 | Lab      | Killed Ge0ff's ghost
 24241 | Lab      | Reached XP level 14. HP: 91/133 MP: 24/24
 24247 | Lab      | Identified the Reference Book on Darkness
 24248 | Lab      | Got a bloodstained fire dragon armour
 24260 | Lab      | Identified the cursed -3 fire dragon armour of Perpetual Drought {+Blink rF++ rC-} (You found it in a labyrinth)
 24269 | Lab      | Got a heavily runed chain mail
 24275 | Lab      | Identified the +1 chain mail of the Pits of Slime {SInv} (You found it in a labyrinth)
 24628 | D:11     | Found Vit Fraj's General Store.
 24636 | D:11     | Bought a scroll of identify for 34 gold pieces
 24929 | D:12     | Received a gift from Yredelemnul
 25325 | D:12     | Received a gift from Yredelemnul
 25542 | D:13     | Noticed Erica
 25549 | D:13     | Killed Erica
 25655 | D:13     | Received a gift from Yredelemnul
 25828 | D:13     | Found a frozen archway.
 25845 | IceCv    | Entered an ice cave
 25853 | IceCv    | Received a gift from Yredelemnul
 26669 | D:13     | Reached skill level 15 in Fighting
 26677 | D:13     | Received a gift from Yredelemnul
 26820 | D:13     | Reached skill level 15 in Dodging
 26823 | D:13     | Received a gift from Yredelemnul
 26859 | D:13     | Found a gate to the Vaults.
 27188 | D:14     | Identified a +2 rod of destruction (10/10) (You found it in a labyrinth)
 27257 | D:14     | Received a gift from Yredelemnul
 27714 | D:14     | Found Xueke's Food Emporium.
 27877 | D:14     | Received a gift from Yredelemnul
 27915 | D:15     | Entered Level 15 of the Dungeon
 28149 | D:15     | Received a gift from Yredelemnul
 28386 | D:15     | Found a staircase to the Depths.
 28605 | D:15     | Reached skill level 5 in Shields
 28615 | D:15     | Received a gift from Yredelemnul
 29080 | Orc:4    | Found a roughly hewn altar of Beogh.
 29166 | Orc:4    | Found a roughly hewn altar of Beogh.
 29166 | Orc:4    | Found Ynorch Geel's Assorted Antiques.
 29170 | Orc:4    | Reached XP level 15. HP: 143/143 MP: 27/27
 29206 | Orc:4    | Bought a potion of haste for 196 gold pieces
 29206 | Orc:4    | Bought a potion of haste for 196 gold pieces
 29206 | Orc:4    | Bought a potion of curing for 56 gold pieces
 29394 | Orc:4    | Found Zaral's Antique Armour Boutique.
 29394 | Orc:4    | Found a roughly hewn altar of Beogh.
 29404 | Orc:4    | Found Qanepiepp's Antique Weapon Shop.
 29420 | Orc:4    | Bought a pair of glowing gloves for 162 gold pieces
 29420 | Orc:4    | Bought a pair of embroidered boots for 162 gold pieces
 29420 | Orc:4    | Bought a faintly glowing plate armour for 1008 gold pieces
 29458 | Orc:4    | Identified the cursed +5 plate armour of the Barnacle {rC++ Str-4} (You bought it in a shop on level 4 of the Orcish Mines)
 29658 | Orc:4    | Found a roughly hewn altar of Beogh.
 29685 | Orc:4    | Found Coezid's Antique Weapon Shoppe.
 29755 | Orc:4    | Received a gift from Yredelemnul
 29777 | Orc:4    | Found a roughly hewn altar of Beogh.
 29777 | Orc:4    | Found Ynorch Geel's Assorted Antiques.
 29838 | Orc:4    | Found Zaral's Antique Armour Boutique.
 29838 | Orc:4    | Found a roughly hewn altar of Beogh.
 29851 | Orc:4    | Found Qanepiepp's Antique Weapon Shop.
 29882 | Orc:4    | Found a roughly hewn altar of Beogh.
 30133 | Orc:4    | Found a roughly hewn altar of Beogh.
 30137 | Orc:4    | Found Coezid's Antique Weapon Shoppe.
 30311 | Orc:4    | Found a roughly hewn altar of Beogh.
 30495 | Spider:1 | Entered Level 1 of the Spider Nest
 30820 | D:12     | Received a gift from Yredelemnul
 30894 | D:12     | Got a shimmering trident
 30895 | D:12     | Identified the cursed +3 trident "Xeutap" {pierce, Int+4} (You found it on level 12 of the Dungeon)
 31586 | Spider:1 | Received a gift from Yredelemnul
 32344 | Spider:2 | Received a gift from Yredelemnul
 32385 | Spider:2 | Identified a scroll of acquirement
 32836 | Spider:3 | Reached skill level 10 in Shields
 32842 | Spider:3 | Got a polished plate armour
 32865 | Spider:3 | Identified the cursed +4 plate armour of Groilay {rC+} (You found it on level 3 of the Spider Nest)
 33835 | Spider:3 | Received a gift from Yredelemnul
 34464 | Spider:5 | Entered Level 5 of the Spider Nest
 34596 | Spider:5 | Reached XP level 16. HP: 151/151 MP: 28/28
 34597 | Spider:5 | Received a gift from Yredelemnul
 34769 | Spider:5 | Received a gift from Yredelemnul
 34805 | Spider:5 | Received a gift from Yredelemnul
 34859 | Spider:5 | Reached skill level 16 in Fighting
 34866 | Spider:5 | Got a gossamer rune of Zot
 34953 | Spider:5 | Received a gift from Yredelemnul
 35556 | Vaults:1 | Entered Level 1 of the Vaults
 35843 | Vaults:1 | Found a flickering gateway to a bazaar.
 35860 | Bazaar   | Entered a bazaar
 35860 | Bazaar   | Found Soiddanu's General Store.
 35863 | Bazaar   | Found Frifepogh's Gadget Shoppe.
 35867 | Bazaar   | Bought a potion of might for 40 gold pieces
 35871 | Bazaar   | Found Kluofawk's Food Shop.
 35895 | Bazaar   | Found Poch's Antique Weapon Shoppe.
 35906 | Bazaar   | Found Saeni's Book Shop.
 36282 | Vaults:1 | Received a gift from Yredelemnul
 36679 | Vaults:2 | Found a magical portal.
 36692 | WizLab   | Entered Eringya's Formal Garden
 36842 | WizLab   | Reached skill level 10 in Armour
 36843 | WizLab   | Received a gift from Yredelemnul
 36907 | WizLab   | Found a blossoming altar of Fedhas.
 37659 | Vaults:2 | Reached XP level 17. HP: 133/160 MP: 29/29
 37814 | Vaults:2 | Reached skill level 15 in Polearms
 38092 | Vaults:2 | Received a gift from Yredelemnul
 38193 | Vaults:2 | Reached skill level 15 in Shields
 38402 | Vaults:2 | Found a staircase to the Crypt.
 38402 | Vaults:2 | Found a basalt altar of Yredelemnul.
 38403 | Vaults:2 | Found an ancient bone altar of Kikubaaqudgha.
 38608 | Vaults:3 | Received a gift from Yredelemnul
 38983 | Vaults:3 | Reached skill level 17 in Fighting
 38996 | Vaults:3 | Received a gift from Yredelemnul
 39145 | Vaults:3 | Received a gift from Yredelemnul
 40320 | Lair:8   | Received a gift from Yredelemnul
 40408 | Lair:8   | Received a gift from Yredelemnul
 40511 | Lair:6   | Found a staircase to the Swamp.
 40847 | D:10     | You paid a toll of 19 scrolls of identify to enter a treasure trove
 40848 | Trove    | Entered a treasure trove
 40862 | Trove    | Got a smoking lead amulet
 40864 | Trove    | Identified the amulet of Duinkuyxt {Clar Contam Dex+3 Int+2} (You found it in a treasure trove)
 40897 | Trove    | Got an ancient ivory ring
 40898 | Trove    | Identified the ring "Ysmewa" {rN+ MP+9} (You found it in a treasure trove)
 41171 | Swamp:1  | Entered Level 1 of the Swamp
 41171 | Swamp:1  | Found a bloodstained altar of Trog.
 41244 | Swamp:1  | Noticed Josephine
 41251 | Swamp:1  | Killed Josephine
 41292 | Swamp:1  | Received a gift from Yredelemnul
 41661 | Swamp:1  | Received a gift from Yredelemnul
 42408 | Swamp:2  | Reached XP level 18. HP: 159/170 MP: 30/30
 42662 | Swamp:3  | Noticed Frances
 42690 | Swamp:3  | Killed Frances
 42813 | Swamp:3  | Got a pair of brightly glowing boots
 42819 | Swamp:3  | Identified the cursed +1 pair of boots "Mijiett" {rF+} (You found it on level 3 of the Swamp)
 43222 | Swamp:5  | Entered Level 5 of the Swamp
 43323 | Swamp:5  | Received a gift from Yredelemnul
 43354 | Swamp:5  | Noticed the 27-headed Lernaean hydra
 43369 | Swamp:5  | Killed the 27-headed Lernaean hydra
 43421 | Swamp:5  | Received a gift from Yredelemnul
 43553 | Swamp:5  | Got a decaying rune of Zot
 43707 | Swamp:5  | Received a gift from Yredelemnul
 44272 | Swamp:4  | Noticed Wiglaf
 44290 | Swamp:4  | Killed Wiglaf
 45024 | Swamp:4  | Reached skill level 15 in Invocations
 45445 | Lair:1   | Noticed a five-headed hydra
 45453 | Lair:1   | Killed a five-headed hydra
 45725 | Vaults:1 | Received a gift from Yredelemnul
 45939 | Vaults:3 | Gained mutation: Your mind is acute. (Int +2) [potion of beneficial mutation]
 46304 | Vaults:3 | Received a gift from Yredelemnul
 46706 | Vaults:4 | Received a gift from Yredelemnul
 46998 | Vaults:4 | Noticed Jory
 47012 | Vaults:4 | Killed Jory
 47012 | Vaults:4 | Reached XP level 19. HP: 136/178 MP: 30/33
 47127 | Vaults:4 | Noticed Donald
 47136 | Vaults:4 | Killed Donald
 47318 | Vaults:4 | Found Caori's Book Boutique.
 47409 | Vaults:4 | Received a gift from Yredelemnul
 47962 | Elf:1    | Entered Level 1 of the Elven Halls
 48269 | Elf:1    | Found Shroptul's Gadget Shoppe.
 48276 | Elf:1    | Bought a wand of heal wounds (5) for 864 gold pieces
 48810 | Elf:2    | Received a gift from Yredelemnul
 49062 | Elf:2    | Received a gift from Yredelemnul
 49372 | Elf:2    | Found Broust's Distillery.
 49469 | Elf:2    | Bought a potion of agility for 37 gold pieces
 49469 | Elf:2    | Bought a potion of heal wounds for 45 gold pieces
 49470 | Elf:2    | Bought a potion of cure mutation for 525 gold pieces
 49571 | Elf:3    | Entered Level 3 of the Elven Halls
 49613 | Elf:3    | Got a crude shield
 49624 | Elf:3    | Identified the cursed -3 shield of Generosity {Str-3 Dex-2 Int+4} (You found it on level 3 of the Elven Halls)
 49750 | Elf:3    | Reached skill level 18 in Invocations
 49775 | Elf:3    | Noticed Snorg
 49791 | Elf:3    | Killed Snorg
 49791 | Elf:3    | Enslaved Snorg
 49961 | Elf:3    | Noticed a Brimstone Fiend
 49967 | Elf:3    | Your ally Snorg died
 50033 | Elf:3    | Cast into the Abyss (deep elf demonologist)
 50058 | Abyss:1  | Found a viscous altar of Jiyva.
 50216 | Abyss:1  | Paralysed by accursed screaming for 1 turns
 50534 | Abyss:1  | Found a shimmering altar of Xom.
 50629 | Elf:3    | Escaped the Abyss
 50638 | Elf:3    | Received a gift from Yredelemnul
 50901 | Elf:3    | Received a gift from Yredelemnul
 51421 | Elf:3    | Cast into the Abyss (deep elf demonologist)
 51541 | Abyss:1  | Paralysed by accursed screaming for 1 turns
 51701 | Abyss:1  | Noticed a profane servitor
 51714 | Abyss:1  | Killed a profane servitor
 51742 | Abyss:1  | Found a stormy altar of Qazlal.
 52263 | Abyss:1  | Noticed a bone dragon
 52289 | Abyss:1  | Reached XP level 20. HP: 142/188 MP: 35/35
 52318 | Abyss:1  | Found an iron altar of Okawaru.
 52344 | Abyss:1  | Found a corrupted altar of Lugonu.
 52959 | Elf:3    | Escaped the Abyss
 53064 | Elf:3    | Reached skill level 19 in Invocations
 53259 | Elf:3    | Got a slimy bone amulet
 53261 | Elf:3    | Identified the amulet of Peace {+Rage Str-3 Dex+1 Int-3} (You took it off a deep elf priest on level 3 of the Elven Halls)
 53321 | Elf:3    | Reached XP level 21. HP: 195/195 MP: 35/36
 54138 | Swamp:1  | Got a pitted chain mail
 54149 | Swamp:1  | Identified the cursed -4 chain mail of Hairiness {Str-2 Int+5} (You found it on level 1 of the Swamp)
 54590 | Crypt:1  | Entered Level 1 of the Crypt
 54743 | Crypt:1  | Found a basalt altar of Yredelemnul.
 56868 | Crypt:2  | Reached skill level 20 in Invocations
 56882 | Crypt:3  | Entered Level 3 of the Crypt
 58043 | Crypt:3  | Found a basalt altar of Yredelemnul.
 58081 | Crypt:3  | Reached XP level 22. HP: 203/207 MP: 37/37
 59031 | Vaults:5 | Entered Level 5 of the Vaults
 59041 | Vaults:5 | Received a gift from Yredelemnul
 59048 | Vaults:5 | Reached skill level 21 in Invocations
 59870 | Vaults:5 | Received a gift from Yredelemnul
 60296 | Vaults:5 | Received a gift from Yredelemnul
 60964 | Vaults:5 | Got a silver rune of Zot
 61086 | Vaults:5 | Reached skill level 22 in Invocations
 61105 | Vaults:5 | Got a flickering steel ring
 61106 | Vaults:5 | Identified the ring "Xonoetze" {rC++ MR+ Int+3 Stlth+} (You found it on level 5 of the Vaults)
 61130 | Vaults:5 | Received a gift from Yredelemnul
 61228 | Vaults:5 | Found Ahadiuz's Book Emporium.
 61641 | Vaults:5 | Reached XP level 23. HP: 214/221 MP: 39/39
 61705 | Vaults:5 | Got a bloodstained cloak
 61716 | Vaults:5 | Identified the cursed -4 cloak of Dyspraxia {rPois rN+ Slay+5 Stlth+} (You found it on level 5 of the Vaults)
 61725 | Vaults:5 | Got a smoking plate armour
 61736 | Vaults:5 | Identified the +7 plate armour "Graokaas" {Str+3 Dex+1} (You found it on level 5 of the Vaults)
 62912 | Vaults:5 | Received a gift from Yredelemnul
 64323 | Depths:1 | Entered Level 1 of the Depths
 65578 | Depths:1 | Reached skill level 23 in Invocations
 65776 | Depths:1 | Noticed CodaKJazz's ghost (mighty DsDK)
 65801 | Depths:1 | Killed CodaKJazz's ghost
 66096 | Depths:1 | Cast into the Abyss (hell knight)
 66222 | Abyss:1  | Got a slimy cloak
 66527 | Abyss:1  | Paralysed by you for 5 turns
 66539 | Abyss:1  | Paralysed by accursed screaming for 1 turns
 66828 | Abyss:1  | Paralysed by accursed screaming for 1 turns
 67160 | Abyss:1  | Noticed an ancient lich
 67187 | Abyss:1  | Killed an ancient lich
 67294 | Abyss:1  | Reached XP level 24. HP: 218/233 MP: 40/40
 67330 | Abyss:1  | Reached skill level 24 in Invocations
 67861 | Abyss:1  | Found a corrupted altar of Lugonu.
 67981 | Abyss:1  | Found a corrupted altar of Lugonu.
 68555 | Depths:1 | Escaped the Abyss
 68676 | Depths:1 | Received a gift from Yredelemnul
 68704 | Depths:1 | Found a gateway to Hell.
 69130 | Depths:1 | Identified the +2 cloak of Gregroy {Str+3} (You found it on level 1 of the Abyss)
 69224 | Depths:2 | Got a faintly glowing trident
 69225 | Depths:2 | Identified the +5 trident "Thiank" {pierce, +Rage rPois} (You acquired it on level 2 of the Depths)
 69260 | Depths:2 | Received a gift from Yredelemnul
 69746 | Depths:2 | Reached skill level 25 in Invocations
 69938 | Depths:3 | Found a gateway to a ziggurat.
 70515 | Depths:3 | Found Smosuta's Assorted Antiques.
 70532 | Depths:3 | Bought a scroll of magic mapping for 108 gold pieces
 70532 | Depths:3 | Bought 2 scrolls of recharging for 589 gold pieces
 70847 | Depths:3 | Found a one-way gate leading to the halls of Pandemonium.
 71225 | Depths:4 | Reached XP level 25. HP: 205/245 MP: 42/42
 71225 | Depths:4 | Received a gift from Yredelemnul
 71664 | Depths:4 | Found a one-way gate to the infinite horrors of the Abyss.
 71833 | Depths:5 | Entered Level 5 of the Depths
 71840 | Depths:5 | Reached skill level 26 in Invocations
 71951 | Depths:5 | Noticed Sojobo
 71994 | Depths:5 | Killed Sojobo
 72124 | Depths:5 | Received a gift from Yredelemnul
 72303 | Depths:5 | Found a shattered altar of Ashenzari.
 72531 | Depths:5 | Received a gift from Yredelemnul
 73019 | Depths:5 | Received a gift from Yredelemnul
 73841 | Depths:5 | Found a gate to the Realm of Zot.
 75102 | Lair:8   | Reached skill level 27 in Invocations
 75685 | Lair:7   | Found a staircase to the Slime Pits.
 75792 | Slime:1  | Entered Level 1 of the Pits of Slime
 75810 | Slime:1  | Received a gift from Yredelemnul
 75987 | Slime:4  | Received a gift from Yredelemnul
 76175 | Slime:4  | Reached XP level 26. HP: 259/259 MP: 43/43
 76443 | Slime:6  | Entered Level 6 of the Pits of Slime
 76464 | Slime:6  | Received a gift from Yredelemnul
 76705 | Slime:6  | Received a gift from Yredelemnul
 76744 | Slime:6  | Found a viscous altar of Jiyva.
 77251 | Slime:6  | Noticed the royal jelly
 77596 | Slime:6  | Killed the royal jelly
 77676 | Slime:6  | Got a slimy rune of Zot
 77791 | Slime:6  | Got a bloodstained plate armour
 77802 | Slime:6  | Identified the +8 plate armour of Geonlif {rN+ Slay+3} (You found it on level 6 of the Pits of Slime)
 77921 | Slime:5  | Received a gift from Yredelemnul
 78582 | Zot:1    | Entered Level 1 of the Realm of Zot
 78620 | Zot:1    | Reached skill level 27 in Fighting
 80174 | Zot:2    | Received a gift from Yredelemnul
 80238 | Zot:2    | Reached skill level 15 in Armour
 80306 | Zot:2    | Received a gift from Yredelemnul
 80729 | Zot:2    | Reached XP level 27. HP: 262/273 MP: 27/43
 81774 | Zot:1    | Received a gift from Yredelemnul
 82465 | Zot:2    | Received a gift from Yredelemnul
 84009 | Zot:5    | Entered Level 5 of the Realm of Zot
 84442 | Zot:5    | Received a gift from Yredelemnul
 84563 | Zot:5    | Gained mutation: Space occasionally distorts in your vicinity. [the power of Zot]
 84563 | Zot:5    | Gained mutation: You tend to lose your temper in combat. [the power of Zot]
 84677 | Zot:5    | Noticed an ancient lich
 84685 | Zot:5    | Killed an ancient lich
 84723 | Zot:5    | Noticed an orb of fire
 84753 | Zot:5    | Killed an orb of fire
 84761 | Zot:5    | Noticed an ancient lich
 84779 | Zot:5    | Noticed an ancient lich
 84784 | Zot:5    | Killed an ancient lich
 84795 | Zot:5    | Killed an ancient lich
 84808 | Zot:5    | Noticed an ancient lich
 84821 | Zot:5    | Noticed an orb of fire
 84821 | Zot:5    | Lost mutation: Space occasionally distorts in your vicinity. [potion of cure mutation]
 84821 | Zot:5    | Lost mutation: You tend to lose your temper in combat. [potion of cure mutation]
 84821 | Zot:5    | Lost mutation: Your mind is acute. (Int +2) [potion of cure mutation]
 84826 | Zot:5    | Killed an ancient lich
 84839 | Zot:5    | Killed an orb of fire
 84890 | Zot:5    | Noticed an orb of fire
 84893 | Zot:5    | Noticed an orb of fire
 84900 | Zot:5    | Gained mutation: Armour fits poorly on your strangely shaped body. [an orb of fire]
 84906 | Zot:5    | Killed an orb of fire
 84915 | Zot:5    | Killed an orb of fire
 84994 | Zot:5    | Got the Orb of Zot
 85148 | Zot:2    | Noticed Mutoorox the pandemonium lord
 85458 | Depths:1 | Noticed Gubackerr the pandemonium lord
 85518 | D:13     | Received a gift from Yredelemnul
 85525 | D:13     | Noticed Tyzutulid the pandemonium lord
 85567 | D:11     | Noticed Smen the pandemonium lord
 85602 | D:10     | Noticed Xuzesm the pandemonium lord
 85783 | D:$      | Escaped with the Orb!

Action                   |  1- 3 |  4- 6 |  7- 9 | 10-12 | 13-15 | 16-18 | 19-21 | 22-24 | 25-27 || total
-------------------------+-------+-------+-------+-------+-------+-------+-------+-------+-------++-------
Melee: Spear             |   101 |   217 |   727 |  1459 |   498 |       |       |       |       ||  3002
       Trident           |       |       |       |       |  1466 |  1690 |  2168 |  2406 |       ||  7730
       Demon trident     |       |       |       |       |       |       |       |   111 |  1870 ||  1981
 Fire: Blowgun           |       |       |     8 |     7 |     2 |       |       |       |       ||    17
Throw: Stone             |       |       |       |     1 |     1 |       |       |       |       ||     2
       Tomahawk          |       |       |       |       |       |     1 |       |       |       ||     1
       Throwing net      |       |       |       |       |       |     1 |     1 |       |       ||     2
Invok: Animate Remains   |     4 |     5 |       |       |       |       |       |       |       ||     9
       Animate Dead      |       |     4 |     8 |    34 |    55 |    39 |    21 |    51 |    27 ||   239
       Recall Undead Sla |       |     1 |     2 |     9 |    28 |    28 |    19 |    17 |    15 ||   119
       Drain Life        |       |       |     2 |     9 |     9 |    14 |    12 |    13 |    16 ||    75
       Enslave Soul      |       |       |       |     4 |     3 |     3 |     2 |       |     8 ||    20
       Injury Mirror     |       |       |       |       |     2 |     1 |     1 |     1 |     2 ||     7
       Stop Recall       |       |       |       |       |     4 |     2 |       |       |       ||     6
 Abil: Evoke Berserk Rag |       |       |       |       |       |       |       |     1 |       ||     1
Evoke: Wand              |       |       |       |     9 |     9 |     4 |    27 |     8 |    37 ||    94
       Lamp of fire      |       |       |       |       |       |       |       |     1 |       ||     1
       Fan of gales      |       |       |       |       |       |       |       |     1 |       ||     1
       Stone of tremors  |       |       |       |       |       |       |       |     1 |       ||     1
  Use: Scroll            |     5 |       |    12 |    11 |    10 |     6 |    26 |    33 |    39 ||   142
       Potion            |       |       |     2 |     3 |     7 |     3 |    12 |     9 |    46 ||    82
 Stab: Distracted        |       |       |     1 |    18 |     8 |    27 |     9 |    14 |    28 ||   105
       Confused          |       |       |       |       |     4 |       |       |       |       ||     4
       Fleeing           |       |       |       |       |       |     1 |       |       |       ||     1
       Held in net/web   |       |       |       |       |       |       |     4 |       |       ||     4
       Invisible         |       |       |       |       |       |       |       |     1 |     2 ||     3
       Petrified         |       |       |       |       |       |       |       |     3 |       ||     3
  Eat: Chunk             |     2 |     6 |     3 |    19 |    27 |     6 |     1 |       |       ||    64
       Fruit             |       |     1 |     9 |    19 |     4 |     7 |     5 |     4 |       ||    49
       Pizza             |       |     1 |       |       |     3 |     1 |     2 |     2 |     2 ||    11
       Beef jerky        |       |       |     2 |     2 |     2 |     4 |     4 |     2 |       ||    16
       Meat ration       |       |       |       |       |     5 |     3 |     7 |     9 |     3 ||    27
       Royal jelly       |       |       |       |       |     6 |     8 |     1 |     1 |       ||    16
       Bread ration      |       |       |       |       |       |       |     2 |     1 |    12 ||    15
